 Dungeon Crawl Stone Soup version 0.26.1-11-gd32895ea62 (webtiles) character file.

Game seed: 555787232923704808

66257 promet the Grappler (level 14, 0/144 HPs)
             Began as a Troll Monk on June 21, 2021.
             Was a High Priest of Wu Jian.
             Slain by Jorgrun
             ... wielding a +0 vorpal quarterstaff
              (13 damage)
             ... on level 1 of the Orcish Mines on June 22, 2021.
             The game lasted 03:02:19 (24749 turns).

promet the Grappler (Troll Monk)                   Turns: 24749, Time: 03:02:20

Health: 0/144      AC: 15    Str: 22    XL:     14   Next: 78%
Magic:  15/15      EV: 10    Int: 10    God:    Wu Jian [*****.]
Gold:   485        SH:  5    Dex: 12    Spells: 13/16 levels left

rFire    . . .     SeeInvis +     - Unarmed
rCold    + . .     Faith    .   (no shield)
rNeg     . . .     Spirit   .   y - +1 robe {Will+}
rPois    +         Reflect  +   N - +2 hat {Will+}
rElec    .         Harm     .   W - +1 cloak
rCorr    .         Rampage  .   (gloves unavailable)
Will     +++..                  (boots unavailable)
Stlth    ++++......             A - amulet of reflection
HPRegen  0.74/turn              F - +4 ring of protection
MPRegen  0.14/turn              v - ring of the Moon {rPois rC+ SInv Stlth+}

@: grasped by roots, hasted, constricted, very quick
A: large, unfitting armour, claws 3, horns 1, poison resistance, regeneration 1,
shaggy fur 1, tough skin 3, wild magic 1
a: Renounce Religion, Wall Jump, Serpent's Lash, Heavenly Storm


You were on level 1 of the Orcish Mines.
You worshipped Wu Jian.
Wu Jian was extremely pleased with you.
You visited 3 branches of the dungeon, and saw 19 of its levels.

You collected 1925 gold pieces.
You spent 1440 gold pieces at shops.

Inventory:

Hand Weapons
 a - a +9 lajatang of venom
 b - the +8 storm bow {elec, penet}
   (You bought it in a shop on level 8 of the Dungeon)

   It charges the ammunition it shoots with electricity; occasionally upon a
   hit, such missiles may discharge and cause terrible harm.
   Ammo fired by it passes through the targets it hits, potentially hitting all
   targets in its path until it reaches maximum range.
 e - a +2 long sword of holy wrath
 l - the +9 mace "Dunuroha" {drain, rElec rPois rC+}
   (You found it on level 5 of the Dungeon)

   A truly terrible weapon, it drains the life of those it strikes.
   It protects you from cold.
   It insulates you from electricity.
   It protects you from poison.
 z - a +2 short sword of freezing
 G - the +10 falchion of Exquisite Torment {vorpal, rElec rPois Int+4}
   (You found it on level 6 of the Dungeon)

   It inflicts extra damage upon your enemies.
   It affects your intelligence (+4).
   It insulates you from electricity.
   It protects you from poison.
 J - a +1 hunting sling of freezing
 K - a +2 halberd of pain
 Y - a +1 bardiche of venom
Missiles
 d - 415 stones
 g - 75 sling bullets
 i - 306 arrows
 k - 66 poisoned darts
 n - 7 silver javelins
 H - 14 curare-tipped darts (quivered)
 L - 5 throwing nets
 U - 8 large rocks
Armour
 y - a +1 robe of willpower (worn)
 N - a +2 hat of willpower (worn)
 W - a +1 cloak (worn)
Jewellery
 j - a +4 ring of evasion
 o - an uncursed amulet of faith
 r - the ring of Freedom {+Blink rN+ Str-5 Int+6}
   (You found it on level 4 of the Dungeon)

   [ring of intelligence]

   It affects your strength (-5).
   It affects your intelligence (+6).
   It protects you from negative energy.
   It lets you blink.
 u - a +6 ring of dexterity
 v - the ring of the Moon (right claw) {rPois rC+ SInv Stlth+}
   (You found it on level 4 of the Dungeon)

   [ring of see invisible]

   It protects you from cold.
   It protects you from poison.
   It lets you see invisible.
   It makes you more stealthy.
 A - an amulet of reflection (around neck)
 D - an uncursed ring of positive energy
 F - a +4 ring of protection (left claw)
 I - a +4 ring of protection
 R - an uncursed amulet of guardian spirit
 Z - an uncursed ring of wizardry
Wands
 w - a wand of flame (49)
 x - a wand of enslavement (32)
 B - a wand of random effects (20)
 Q - a wand of disintegration (5)
 S - a wand of paralysis (17)
 V - a wand of acid (7)
Scrolls
 p - a scroll of blinking
 q - 3 scrolls of magic mapping
 s - 2 scrolls of fear
 t - 14 scrolls of teleportation
 E - 5 scrolls of remove curse
 O - a scroll of fog
Potions
 m - 4 potions of might
 C - 4 potions of haste
 M - a potion of cancellation
 P - 2 potions of flight
 T - 3 potions of curing
 X - a potion of resistance
Miscellaneous
 c - a condenser vane (inert)


   Skills:
 * Level 10.8 Fighting
 + Level 6.3 Long Blades
 + Level 0.6(2.2) Maces & Flails
 * Level 3.1 Staves
 + Level 1.2(1.8) Slings
 + Level 7.9 Bows
 + Level 2.6(2.9) Throwing
 + Level 7.6 Dodging
 + Level 4.9 Stealth
 + Level 1.4 Shields
 + Level 14.0 Unarmed Combat
 + Level 1.5 Spellcasting
 + Level 0.1 Conjurations
 + Level 1.4 Necromancy
 + Level 0.2 Evocations


You had 13 spell levels left.
You knew the following spells:

 Your Spells              Type           Power        Failure   Level
a - Magic Dart            Conj           4%           38%         1
b - Animate Skeleton      Necr           8%           26%         1
c - Pain                  Necr           16%          26%         1

Your spell library contained the following spells:

 Spells                   Type           Power        Failure   Level
 Apportation              Tloc           2%           41%         1
 Corona                   Hex            1%           41%         1
 Freeze                   Ice            4%           41%         1
 Summon Small Mammal      Summ           4%           41%         1
 Blink                    Tloc           N/A          54%         2
 Call Imp                 Summ           1%           54%         2
 Slow                     Hex            1%           54%         2
 Vampiric Draining        Necr           2%           58%         3
 Conjure Flame            Conj/Fire      1%           75%         3
 Mephitic Cloud           Conj/Pois/Air  1%           75%         3
 Frozen Ramparts          Ice            2%           77%         3
 Ozocubu's Armour         Ice            1%           77%         3
 Animate Dead             Necr           2%           92%         4
 Hailstorm                Conj/Ice       1%           98%         4
 Summon Ice Beast         Ice/Summ       1%           98%         4
 Agony                    Necr           4%           99%         5


Dungeon Overview and Level Annotations

Branches:
Dungeon (11/15)            Temple (0/1) D:5            Lair (6/6) D:10
  Swamp (0/4) Lair:2       Spider (0/4) Lair:4        Slime (0/5) Lair:6
    Orc (2/2) D:11            Elf (0/3) Orc:2

Altars:
Ashenzari
Dithmenos
Kikubaaqudgha
Qazlal
Trog
Uskayaw
Vehumet
Wu Jian
Xom
Yredelemnul
Zin
Beogh
Jiyva

Shops:
D:8 (   Orc:1 =   Orc:2 ![[}

Annotations:
D:5 2 transporters, Zeld's ghost, weakling HuDe
D:7 2 transporters, Pepete's ghost, novice FoFi
D:9 1 runed translucent door
Orc:1 2 transporters, Jorgrun


Innate Abilities, Weirdness & Mutations

You are too large for most types of armour.
You have claws for hands.
Your natural rate of healing is unusually fast.
You are covered in fur. (AC +1)
You have extremely tough skin. (AC +3)
You have a pair of small horns on your head.
Your system is resistant to poisons. (rPois)
Your spells are a little harder to cast, but a little more powerful.


Message History

Jorgrun is moderately wounded.
Okay, then.
Clouds of acidic fog condense around you!
The condenser dries out!
Jorgrun is engulfed in acidic fog.
Jorgrun is splashed with acid.
The acid corrodes Jorgrun!
Jorgrun misses you.
* * * LOW HITPOINT WARNING * * *
The grasping roots constrict you!
You feel yourself speed up.
Jorgrun is engulfed in acidic fog.
Jorgrun is splashed with acid.
Jorgrun seems to be corroded for longer.
Jorgrun hits you with a +0 vorpal quarterstaff.
* * * LOW HITPOINT WARNING * * *
x3 The grasping roots constrict you!
You completely miss Jorgrun. You headbutt Jorgrun, but do no damage.
Jorgrun is severely wounded.
You claw Jorgrun! You headbutt Jorgrun!
Jorgrun is severely wounded.
Jorgrun is engulfed in acidic fog.
Jorgrun is splashed with acid.
Jorgrun hits you with a +0 vorpal quarterstaff!
You die...

## ####...###
#.#.))...####
#....)..^...## ##
##............# #
##.##.............## #
##.........##.......###
#
#.........###.......#.#
#.......####........#
###....@§##........##
#....§g§.......###
##...§§§.......# .
###........#.## .#
##......##### .#
##........#..# .#
##............# .#
##........#(.(.#
#.........#....####


You could see Jorgrun (corroded).

Vanquished Creatures
  Gastronok (D:9)
  Nessos (Orc:2)
  4 dire elephants
  4 hydras
  Harold (D:7)
  Erolcha (Orc:2)
  A catoblepas (Lair:6)
  An anaconda (Lair:6)
  3 ogre magi (Orc:2)
  10 death yaks
  Sonja (Lair:5)
  Nergalle (Orc:2)
  4 lindwurms (Lair:4)
  2 bog bodies (Lair:2)
  Pikel (D:5)
  3 orc knights
  8 orc sorcerers
  A wolf spider (Lair:4)
  An oklob plant (Lair:2)
  A cyclops (D:11)
  Maurice (D:8)
  26 elephants
  3 black mambas
  Psyche (D:8)
  Joseph (D:9)
  11 cane toads
  2 rime drakes (Lair:5)
  9 komodo dragons
  3 trolls
  2 hornets
  A polar bear (Lair:5)
  A slime creature (D:9)
  Prince Ribbit (D:7)
  4 blink frogs (Lair:1)
  6 dream sheep (Lair:5)
  A spriggan (Lair:3)
  2 wyverns
  4 basilisks
  A redback (Lair:4)
  A fire elemental (Lair:3)
  31 yaks
  A warg (Orc:1)
  3 swamp worms (Lair:2)
  13 water moccasins
  6 ice beasts
  6 sky beasts
  5 black bears
  12 orc warriors
  2 phantoms
  9 ogres
  10 wolves (Lair:2)
  8 centaurs
  A lemure (D:5)
  A big kobold (D:10)
  11 bullfrogs
  A wyvern zombie (D:10)
  2 gnoll sergeants
  A wyvern skeleton (D:11)
  A scorpion (D:5)
  A water moccasin skeleton (D:10)
  7 killer bees (D:9)
  2 howler monkeys
  9 electric eels
  A quasit (D:8)
  A lava snake (Lair:3)
  A crimson imp (D:4)
  A centaur zombie (D:9)
  15 orc priests
  5 hounds
  3 jellies
  A bullfrog skeleton (D:8)
  A centaur skeleton (D:6)
  3 iguanas
  30 orc wizards
  11 worker ants
  7 gnolls
  14 adders
  3 shadow imps
  3 white imps
  5 ufetubi
  2 adder skeletons (D:9)
  5 worms
  4 dart slugs
  9 leopard geckos
  69 orcs
  2 giant cockroaches
  6 hobgoblins
  6 jackals
  7 kobolds
  5 quokkas
  4 bats
  6 frilled lizards
  4 goblins
  A goblin skeleton (D:9)
  A quokka skeleton (D:6)
  6 rats
516 creatures vanquished.

Vanquished Creatures (collateral kills)
  A goblin (D:11)
1 creature vanquished.

Vanquished Creatures (others)
  2 gnolls (D:7)
  90 fungi
  93 plants
185 creatures vanquished.

Grand Total: 702 creatures vanquished

Notes
Turn   | Place    | Note
-------+----------+-------------------------------------------
     0 | D:1      | promet the Troll Monk began the quest for the Orb.
     0 | D:1      | Reached XP level 1. HP: 22/22 MP: 0/0
    72 | D:1      | Reached XP level 2. HP: 23/29 MP: 1/1
   975 | D:2      | Reached XP level 3. HP: 36/36 MP: 2/2
   978 | D:2      | Found a faded altar of an unknown god.
  1014 | D:2      | Found a basalt altar of Yredelemnul.
  1014 | D:2      | Found a hide-covered altar of Uskayaw.
  1027 | D:2      | Gained mutation: You have a pair of small horns on your
                  | head. [potion of mutation]
  1027 | D:2      | Gained mutation: Your system is resistant to poisons.
                  | (rPois) [potion of mutation]
  1027 | D:2      | Gained mutation: Your spells are a little harder to cast,
                  | but a little more powerful. [potion of mutation]
  1586 | D:2      | Found a glowing silver altar of Zin.
  1587 | D:2      | Found a stormy altar of Qazlal.
  1588 | D:2      | Found a shimmering altar of Xom.
  1744 | D:3      | Reached XP level 4. HP: 43/45 MP: 3/3
  2048 | D:3      | Reached skill level 4 in Unarmed Combat
  2141 | D:3      | Reached XP level 5. HP: 27/53 MP: 4/4
  2402 | D:3      | Found an ornate altar of the Wu Jian Council.
  2402 | D:3      | Found a shadowy altar of Dithmenos.
  2408 | D:3      | Became a worshipper of the Wu Jian Council
  2408 | D:3      | Reached * piety under Wu Jian
  2408 | D:3      | Reached ** piety under Wu Jian
  2533 | D:4      | Noticed a phantom
  2545 | D:4      | Reached XP level 6. HP: 56/61 MP: 5/5
  2551 | D:4      | Reached skill level 5 in Unarmed Combat
  2687 | D:4      | Got a scorched glass ring
  3002 | D:4      | Got a glittering platinum ring
  3006 | D:4      | Identified the ring of Freedom {+Blink rN+ Str-5 Int+6}
                  | (You found it on level 4 of the Dungeon)
  3008 | D:4      | Identified the ring of the Moon {rPois rC+ SInv Stlth+}
                  | (You found it on level 4 of the Dungeon)
  3058 | D:4      | Reached XP level 7. HP: 66/68 MP: 6/6
  3264 | D:5      | Entered Level 5 of the Dungeon
  3276 | D:5      | Reached skill level 1 in Slings
  3283 | D:4      | Reached skill level 6 in Unarmed Combat
  3293 | D:5      | Noticed Pikel
  3448 | D:5      | Found a staircase to the Ecumenical Temple.
  3480 | D:5      | Identified the +9 mace "Dunuroha" {drain, rElec rPois rC+}
                  | (You found it on level 5 of the Dungeon)
  3735 | D:5      | Found a transporter.
  3736 | D:5      | Noticed Zeld's ghost (weakling HuDe)
  3754 | D:5      | Found a transporter.
  4229 | D:6      | Reached XP level 8. HP: 75/79 MP: 7/7
  4410 | D:6      | Reached *** piety under Wu Jian
  4513 | D:6      | Reached skill level 7 in Unarmed Combat
  4639 | D:6      | Learned a level 1 spell: Magic Dart
  5070 | D:6      | Identified the +10 falchion of Exquisite Torment {vorpal,
                  | rElec rPois Int+4} (You found it on level 6 of the Dungeon)
  5148 | D:7      | Noticed Harold
  5185 | D:7      | Killed Harold
  5186 | D:7      | Reached skill level 5 in Fighting
  5186 | D:7      | Reached skill level 1 in Throwing
  5186 | D:7      | Reached skill level 8 in Unarmed Combat
  5190 | D:7      | Reached XP level 9. HP: 35/88 MP: 8/8
  5432 | D:7      | Noticed Prince Ribbit
  5462 | D:7      | Found a transporter.
  5467 | D:7      | Noticed Pepete's ghost (novice FoFi)
  5486 | D:7      | Found a bloodstained altar of Trog.
  5486 | D:7      | Noticed a moth of wrath
  5726 | D:7      | Found a transporter.
  5803 | D:7      | Learned a level 1 spell: Animate Skeleton
  6339 | D:7      | Found a bloodstained altar of Trog.
  6374 | D:7      | Killed Prince Ribbit
  6375 | D:7      | Reached skill level 5 in Dodging
  6539 | D:8      | Found Beke's Weapon Emporium.
  6671 | D:8      | Reached **** piety under Wu Jian
  6836 | D:8      | Noticed Psyche
  6848 | D:8      | Killed Psyche
  6936 | D:8      | Reached skill level 5 in Long Blades
  6936 | D:8      | Reached XP level 10. HP: 98/98 MP: 9/9
  7038 | D:8      | Noticed Maurice
  7079 | D:8      | Killed Maurice
  7200 | D:9      | Found a runed translucent door.
  7204 | D:9      | Noticed Joseph
  7221 | D:9      | Killed Joseph
  7222 | D:9      | Reached skill level 9 in Unarmed Combat
  7231 | D:9      | Found a basalt altar of Yredelemnul.
  7281 | D:9      | Found a broken altar of Ashenzari.
  7568 | D:9      | Noticed Gastronok
  7619 | D:9      | Killed Gastronok
  7620 | D:9      | Reached skill level 1 in Bows
  7795 | D:9      | Reached skill level 10 in Unarmed Combat
  7803 | D:9      | Reached skill level 1 in Necromancy
  8079 | D:9      | Reached ***** piety under Wu Jian
  8080 | D:9      | Reached XP level 11. HP: 91/107 MP: 10/10
  8665 | D:10     | Entered Level 10 of the Dungeon
  8692 | D:10     | Found a staircase to the Lair.
  8960 | D:10     | Identified the cursed +0 spear "Xoquggemm" {vamp, Int+3}
                  | (You found it on level 10 of the Dungeon)
  9659 | D:11     | Found a staircase to the Orcish Mines.
  9955 | D:5      | Killed Pikel
 10147 | Lair:1   | Entered Level 1 of the Lair of Beasts
 10313 | Lair:1   | Learned a level 1 spell: Pain
 11157 | Lair:2   | Reached skill level 11 in Unarmed Combat
 11157 | Lair:2   | Reached skill level 1 in Spellcasting
 11342 | Lair:2   | Reached ****** piety under Wu Jian
 11504 | Lair:2   | Noticed an oklob plant
 11519 | Lair:2   | Killed an oklob plant
 11606 | D:8      | Bought the +8 storm bow {elec, penet} for 640 gold pieces
 11606 | D:8      | Found the +8 storm bow {elec, penet}
 11706 | Lair:2   | Reached XP level 12. HP: 118/118 MP: 13/13
 12533 | Lair:2   | Found a staircase to the Swamp.
 13015 | Lair:3   | Noticed a death yak
 13016 | Lair:3   | Noticed a death yak
 13017 | Lair:3   | Noticed a death yak
 13019 | Lair:3   | Noticed a death yak
 13020 | Lair:3   | Noticed a death yak
 13047 | Lair:3   | Killed a death yak
 13062 | Lair:2   | Killed a death yak
 13402 | Lair:3   | Killed a death yak
 13405 | Lair:3   | Killed a death yak
 13406 | Lair:3   | Reached skill level 12 in Unarmed Combat
 13429 | Lair:3   | Killed a death yak
 14607 | Lair:4   | Reached XP level 13. HP: 88/131 MP: 14/14
 14763 | Lair:4   | Reached skill level 5 in Bows
 14878 | Lair:4   | Noticed a dire elephant
 15273 | Lair:4   | Killed a dire elephant
 15537 | Lair:4   | Identified the +1 hand crossbow of the Unspeakable One
                  | {freeze, Str-2 Dex+9} (You found it on level 4 of the Lair
                  | of Beasts)
 15615 | Lair:4   | Found a hole to the Spider Nest.
 16601 | Lair:5   | Noticed Sonja
 16632 | Lair:5   | Killed Sonja
 17077 | Lair:5   | Reached skill level 13 in Unarmed Combat
 17110 | Lair:5   | Reached skill level 10 in Fighting
 17899 | Lair:6   | Entered Level 6 of the Lair of Beasts
 18478 | Lair:6   | Reached XP level 14. HP: 143/143 MP: 15/15
 19727 | Lair:6   | Found a viscous altar of Jiyva.
 19727 | Lair:6   | Found a staircase to the Slime Pits.
 20649 | Lair:6   | HP: 4/144 [dire elephant (20)]
 20851 | Lair:6   | Reached skill level 1 in Shields
 21733 | Orc:1    | Entered Level 1 of the Orcish Mines
 21856 | Orc:1    | Found a transporter.
 21858 | Orc:1    | Noticed an orc warlord
 21860 | Orc:1    | Found a roughly hewn altar of Beogh.
 21860 | Orc:1    | Found a transporter.
 21892 | Orc:2    | Entered Level 2 of the Orcish Mines
 21896 | Orc:2    | Noticed Nessos
 21900 | Orc:2    | Killed Nessos
 21955 | Orc:2    | Reached skill level 14 in Unarmed Combat
 22001 | Orc:2    | Found a staircase to the Elven Halls.
 22808 | Orc:2    | Reached skill level 1 in Staves
 22837 | Orc:2    | Found Weko's Antique Armour Shoppe.
 22920 | Orc:2    | Found Vant's Distillery.
 22937 | Orc:2    | Found a radiant altar of Vehumet.
 22937 | Orc:2    | Noticed Erolcha
 23198 | Orc:2    | Killed Erolcha
 23240 | Orc:2    | Noticed Nergalle
 23365 | Orc:2    | Killed Nergalle
 23391 | Orc:2    | Found an ancient bone altar of Kikubaaqudgha.
 23421 | Orc:2    | Found a roughly hewn altar of Beogh.
 23423 | Orc:2    | Found Haukep's Antique Armour Emporium.
 23437 | Orc:2    | Found Qezxashrudd's Gadget Emporium.
 23459 | Orc:2    | Bought a condenser vane for 480 gold pieces
 23497 | Orc:2    | Bought 2 potions of heal wounds for 160 gold pieces
 23497 | Orc:2    | Bought a potion of haste for 160 gold pieces
 24078 | Orc:1    | Found Offaniuc's Jewellery Boutique.
 24515 | Orc:1    | Noticed Jorgrun
 24533 | Orc:1    | HP: 2/144 [Jorgrun/iron shot (55)]
 24749 | Orc:1    | Slain by Jorgrun

Illustrated notes

Levels and vault maps discovered:
D:1:      sevenhm_arrival_forest_fort_small_5, layout_basic, serial_curves,
          eino_curves_03, eino_curves_01, eino_curves_04
D:2:      layout_loops_corners, grunt_temple_overflow_open,
          chequers_ecumenical_altar_island
D:3:      layout_loops_ring, gammafunk_temple_overflow_statue,
          chequers_serial_rivers_small_b
D:4:      layout_rooms, minmay_fire_ice_demons
D:5:      layout_basic, minmay_temple_entry_large_hall, gammafunk_ghost_arena,
          uniq_pikel
D:6:      layout_loops_corners
D:7:      layout_loops_ring, lightli_temple_of_fire,
          gammafunk_ghost_berserking_beasts, trog_ov_bears_minmay, uniq_harold,
          uniq_prince_ribbit1
D:8:      layout_rooms, serial_shops, nicolae_shop_stone, uniq_maurice,
          uniq_psyche, uniq_erica
D:9:      minmay_imperfect_grid, layout_basic, evilmike_ruin_ashenzari,
          dk_yredelemnul_ordeal, uniq_gastronok, uniq_joseph
D:10:     kennysheep_big_flooded_room, layout_basic, lair_entry_dummy,
          chequers_arboretum, minmay_holes
D:11:     layout_roguey, erik_orc_3, uniq_josephine
Lair:1:   layout_regular_city, infiniplex_staircase_pool_2, serial_bayou_shore_a
Lair:2:   layout_cave_pods, nicolae_swamp_entry_splash_gauntlet,
          minmay_lair_oklob_chamber
Lair:3:   layout_gridlike, hibernation_bobbens, grunt_megastairs_1,
          infiniplex_staircase_pool
Lair:4:   mu_elephants_graveyard, layout_gridlike, spider_nest_entry_funnel_web,
          minmay_lindwurm_lava
Lair:5:   layout_gridlike, uniq_sonja
Lair:6:   due_jungle_book, layout_cave_shapes, dpeg_slime_entry_enclosed_altar
Orc:1:    gammafunk_beogh_shrine, layout_diamond_mine, serial_shops,
          nicolae_shop_crystal, uniq_jorgrun
Orc:2:    kennysheep_orc_mage_school, layout_diamond_mine, uniq_nessos

Skill      XL: |  1  2  3  4  5  6  7  8  9 10 11 12 13 14 |
---------------+-------------------------------------------+-----
Fighting       | 3 4 5 6 7 9 10 | 10.8
Unarmed Combat | 4 5 6 8 10 11 12 13 14 | 14.0
Dodging        | 3 4 5 6 7 |  7.6
Slings         | 1 |  1.2
Stealth        | 2 3 4 |  4.9
Long Blades    | 2 5 6 |  6.3
Throwing       | 1 2 |  2.6
Bows           | 1 2 4 7 |  7.9
Necromancy     | 1 |  1.4
Spellcasting   | 1 |  1.5
Shields        | 1 |  1.4
Staves         | 3 |  3.1
Maces & Flails | |  0.6
Conjurations   | |  0.1
Evocations     | |  0.2

Action                   |  1- 3 |  4- 6 |  7- 9 | 10-12 | 13-15 || total
-------------------------+-------+-------+-------+-------+-------++-------
Melee: Unarmed           |    53 |   108 |   164 |   438 |   324 ||  1087
       Headbutt          |     1 |    15 |    42 |   115 |   101 ||   274
       Punch             |       |     2 |     5 |    41 |    27 ||    75
       Falchion          |       |       |    73 |   116 |     1 ||   190
       Mace              |       |       |       |     6 |     2 ||     8
       Shortbow          |       |       |       |     6 |       ||     6
       Bardiche          |       |       |       |     1 |       ||     1
       Longbow           |       |       |       |     2 |    11 ||    13
       Lajatang          |       |       |       |       |    20 ||    20
 Fire: Hunting sling     |       |     7 |       |     1 |       ||     8
       Shortbow          |       |       |     3 |    35 |       ||    38
       Longbow           |       |       |       |    81 |   360 ||   441
Throw: Dart              |       |       |    10 |     6 |     2 ||    18
       Javelin           |       |       |     7 |     1 |       ||     8
       Throwing net      |       |       |       |     1 |       ||     1
 Cast: Magic Dart        |       |       |     2 |     1 |       ||     3
       Animate Skeleton  |       |       |       |     6 |       ||     6
       Pain              |       |       |       |     1 |       ||     1
Invok: Lunge             |       |     2 |    21 |    52 |    16 ||    91
       Whirlwind         |       |     1 |     8 |    64 |    58 ||   131
       Serpent's Lash    |       |       |       |     4 |       ||     4
 Abil: Wall Jump         |       |       |     2 |    30 |    22 ||    54
       Evoke Blink       |       |       |       |       |     2 ||     2
Evoke: Wand              |       |       |     2 |     2 |       ||     4
       Condenser vane    |       |       |       |       |     1 ||     1
  Use: Scroll            |     4 |     3 |     8 |    13 |    20 ||    48
       Potion            |     7 |     3 |     3 |     5 |     8 ||    26
 Stab: Sleeping          |     5 |       |     5 |    20 |     1 ||    31
       Distracted        |       |       |       |     3 |       ||     3
       Held in net/web   |       |       |       |     1 |       ||     1
Armor: Robe              |    11 |    12 |    53 |   135 |   131 ||   342
Dodge: Dodged            |    21 |    57 |   181 |   239 |   135 ||   633
Block: Other             |       |       |       |       |    46 ||    46
       Reflection        |       |       |       |       |     4 ||     4
       Rpst.: Falchion   |       |       |    17 |    10 |       ||    27
